 Dungeon Crawl Stone Soup version 0.26-a0-52-gd53d4cd058 (webtiles) character file.

Game seed: 15575665456762563160

646 bmfx the Caller (level 7, 0/46 HPs)
             Began as a Formicid Summoner on June 6, 2020.
             Slain by a wyvern (12 damage)
             ... on level 5 of the Dungeon.
             The game lasted 00:11:52 (6358 turns).

bmfx the Caller (Formicid Summoner)                 Turns: 6358, Time: 00:11:53

Health: 0/46       AC:  7    Str: 14    XL:     7   Next: 82%
Magic:  12/13      EV: 11    Int: 15    God:
Gold:   276        SH:  0    Dex: 11    Spells: 5/14 levels left

rFire    . . .     SeeInvis +   b - +0 morningstar (flame)
rCold    . . .     Gourm    .   (no shield)
rNeg     . . .     Faith    .   g - +0 ring mail
rPois    .         Spirit   .   (helmet unavailable)
rElec    .         Reflect  .   n - +0 cloak
rCorr    .         Harm     .   (no gloves)
MR       .....                  (no boots)
Stlth    +.........             (no amulet)
HPRegen  0.15/turn              (no ring)
MPRegen  0.13/turn              (no ring)

@: mighty, very slightly contaminated, invisible
A: permanent stasis, dig shafts and tunnels, four strong arms, antennae 3
a: Dig, Shaft Self


You were on level 5 of the Dungeon.
You were not hungry.

You visited 2 branches of the dungeon, and saw 6 of its levels.

You collected 276 gold pieces.


Innate Abilities, Weirdness & Mutations

You cannot be hasted, slowed, berserked, paralysed or teleported.
You can dig through walls and to a lower floor.
Your four strong arms can wield two-handed weapons with a shield.
You have a pair of large antennae on your head. (SInv)

Dungeon Overview and Level Annotations

Branches:
Dungeon (5/15)             Temple (1/1) D:5

Altars:
Ashenzari
Cheibriados
Dithmenos
Elyvilon
Gozag
Hepliaklqana
Kikubaaqudgha
Nemelex Xobeh
Qazlal
Sif Muna
Trog
Uskayaw
Wu Jian
Yredelemnul
The Shining One

Shops:
D:5 %

Annotations:
D:3 Grinder


   Skills:
 - Level 4.0 Armour
 - Level 1.7 Dodging
 - Level 2.4 Stealth
 - Level 4.0 Spellcasting
 - Level 6.0 Summonings
 + Level 3.8 Ice Magic


You had 5 spell levels left.
You knew the following spells:

 Your Spells              Type           Power        Failure   Level  Hunger
A - Summon Ice Beast      Ice/Summ       ###.....     41%         4    ####...
B - Call Imp              Summ           ###.....     4%          2    ##.....
C - Call Canine Familiar  Summ           ###.....     9%          3    ###....

Your spell library contained the following spells:

 Spells                   Type           Power        Failure   Level  Hunger
 Summon Small Mammal      Summ           ###.         3%          1    None
 Summon Guardian Golem    Hex/Summ       ##......     30%         3    ###....
 Animate Skeleton         Necr           N/A          34%         1    None
 Apportation              Tloc           #.....       34%         1    None
 Corona                   Hex            #......      34%         1    None
 Summon Lightning Spire   Summ/Air       ##......     69%         4    ####...

Action                   |  1- 3 |  4- 6 |  7- 9 || total
-------------------------+-------+-------+-------++-------
Melee: Whip              |    24 |       |       ||    24
       Club              |     3 |       |       ||     3
       Morningstar       |    44 |   157 |    46 ||   247
 Cast: Summon Small Mamm |     6 |       |       ||     6
       Call Imp          |     9 |    15 |    11 ||    35
       Call Canine Famil |       |     8 |     9 ||    17
 Abil: Dig               |       |     3 |     1 ||     4
  Use: Scroll            |     3 |     7 |       ||    10
       Potion            |       |       |     3 ||     3
 Stab: Sleeping          |     4 |     1 |       ||     5
       Distracted        |       |     1 |     2 ||     3
       Invisible         |       |       |     1 ||     1
  Eat: Chunk             |     4 |    12 |     2 ||    18
       Ration            |       |       |     1 ||     1
Armor: Robe              |    10 |       |       ||    10
       Ring mail         |    18 |    94 |    23 ||   135
Dodge: Dodged            |    56 |   124 |    31 ||   211

Skill      XL: |  1  2  3  4  5  6  7 |
---------------+----------------------+-----
Spellcasting   | 3 4 |  4.0
Armour         | 1 2 3 4 |  4.0
Summonings     | 5 6 |  6.0
Ice Magic      | 3 |  3.8
Dodging        | |  1.7
Stealth        | |  2.4

Inventory:

Hand Weapons
 b - a +0 morningstar of flaming (weapon)
 e - a +1 whip
Missiles
 x - a throwing net (quivered) {!f}
Armour
 g - a +0 ring mail (worn)
 n - a +0 cloak (worn)
Jewellery
 p - a +4 ring of evasion {unknown}
 r - a cursed -4 ring of intelligence {unknown}
 s - an uncursed ring of stealth {unknown}
 t - an uncursed ring of protection from fire {unknown}
 v - an uncursed amulet of reflection {unknown}
 y - the ring "Nyloxt" {Fire rElec rN+++ Int-2, unknown}
   (You found it on level 5 of the Dungeon)

   [ring of fire]

   It enhances your fire magic.
   It affects your intelligence (-2).
   It protects you from fire.
   It makes you vulnerable to cold.
   It insulates you from electricity.
   It renders you almost immune to negative energy.
Scrolls
 a - 2 scrolls of fear
 d - 2 scrolls of amnesia
 i - 3 scrolls of enchant weapon
 j - 4 scrolls of fog
 k - a scroll of remove curse {unknown}
 l - 3 scrolls of immolation
 u - 2 scrolls of teleportation {unknown}
Potions
 h - a potion of flight
 m - a potion of stabbing
 q - a potion of mutation
Comestibles
 c - 9 rations
 z - a chunk of flesh {@w1}

...## ##.# #...# ###.##
##..######...#
.....##...##.##
.......h####..# .......##
#### .#..##..## ##...##..##
#### ##.......## #@h# ++#
##........######l# ...§
#..........##.{{##### §§§.≈
##.####.........{{...#§§≈o.≈
#..# ####.......###.'..o§..
...# ##......# #.'....§§
...# #..#....# #.#.≈§..§
...# ##.###...###.#.≈≈..≈
.#..# ##.## ##...##.# .....


You could see a wyvern and a friendly hound (summoned).

Vanquished Creatures
  A sky beast (D:5)
  A phantom (D:5)
  A howler monkey (D:4)
  A bullfrog zombie (D:5)
  An orc priest (D:4)
  An orc wizard (D:4)
  A hound (D:5)
  A hound zombie (D:5)
  A worker ant zombie (D:4)
  An adder (D:5)
  A nameless horror (D:5)
  An adder skeleton (D:4)
  4 worms
  2 dart slugs
  5 orcs
  4 giant cockroaches
  3 goblins
  4 hobgoblins
  2 quokkas (D:4)
  2 ball pythons (D:2)
  7 bats
  7 frilled lizards
  3 kobolds (D:2)
  5 rats
60 creatures vanquished.

Vanquished Creatures (collateral kills)
  2 ogres
  A phantom (D:4)
  A jelly (D:5)
  Natasha (thrice) (D:4)
  2 worker ants
  5 adders
  A leopard gecko (D:2)
  7 orcs
  A jackal (D:5)
  A kobold (D:1)
  A quokka (D:5)
  A bat (D:1)
  A frilled lizard (D:4)
27 creatures vanquished.

Grand Total: 87 creatures vanquished

Levels and vault maps discovered:
D:1:      dpeg_arrival_arbitrary_a, layout_basic
D:2:      layout_loops_ring, grunt_temple_overflow_open, glass_columns_c,
          mrwooster_statue_mirror
D:3:      layout_basic, first_ration, chequers_garden, uniq_grinder
D:4:      layout_gridville, uniq_natasha
D:5:      layout_layer_cave, grunt_gozag_breadcrumbs,
          minmay_temple_entry_offerings, serial_shops, nicolae_shop_crystal,
          minmay_misc_feat_rows, kennysheep_generic_room_5
Temple:   nicolae_temple_hex_pool


Message History

Your hound bites the wyvern but does no damage.
You are very lightly contaminated with residual magic.
It was a potion of might.
You feel very mighty all of a sudden. The wyvern barely misses you.
Your hound closely misses the wyvern.
It was a potion of curing.
You feel better. The wyvern closely misses you.
Your hound barely misses the wyvern.
The wyvern bites you!
* * * LOW HITPOINT WARNING * * *
Your hound bites the wyvern.
You barely miss the wyvern.
The wyvern is moderately wounded.
The wyvern closely misses you.
Your hound bites the wyvern.
The wyvern bites you but does no damage.
Your hound closely misses the wyvern.
You strike the helpless wyvern from behind!
You puncture the wyvern! You burn the wyvern.
The wyvern is severely wounded.
The wyvern barely misses you.
Your hound closely misses the wyvern.
The wyvern bites you!
You die...

Notes
Turn   | Place    | Note
-------+----------+-------------------------------------------
     0 | D:1      | bmfx the Formicid Summoner began the quest for the Orb.
     0 | D:1      | Reached XP level 1. HP: 13/13 MP: 3/3
   475 | D:1      | Reached XP level 2. HP: 19/19 MP: 3/5
  1002 | D:1      | Learned a level 2 spell: Call Imp
  1288 | D:2      | Reached XP level 3. HP: 17/24 MP: 7/7
  1494 | D:2      | Found a glowing golden altar of the Shining One.
  1494 | D:2      | Found an ornate altar of the Wu Jian Council.
  1677 | D:2      | Learned a level 3 spell: Call Canine Familiar
  1857 | D:2      | Reached XP level 4. HP: 30/30 MP: 8/8
  2879 | D:3      | Noticed Grinder
  3553 | D:4      | Reached skill level 1 in Armour
  3553 | D:4      | Reached XP level 5. HP: 31/35 MP: 4/10
  3556 | D:4      | Reached skill level 5 in Summonings
  3600 | D:4      | Noticed Natasha
  3613 | D:4      | Killed Natasha
  3989 | D:4      | Noticed a phantom
  4031 | D:4      | Killed a phantom
  4031 | D:4      | Reached XP level 6. HP: 22/41 MP: 6/12
  4458 | D:4      | Noticed an ogre
  4474 | D:4      | Killed an ogre
  4910 | D:4      | Noticed Natasha
  4921 | D:4      | Killed Natasha
  4939 | D:4      | Learned a level 4 spell: Summon Ice Beast
  5013 | D:4      | Noticed Natasha
  5021 | D:4      | Killed Natasha
  5021 | D:4      | Reached XP level 7. HP: 43/46 MP: 7/13
  5198 | D:5      | Entered Level 5 of the Dungeon
  5301 | D:5      | Reached skill level 6 in Summonings
  5301 | D:5      | Reached skill level 1 in Ice Magic
  5745 | D:5      | Found Hoili's Food Shop.
  5745 | D:5      | Found an opulent altar of Gozag.
  5925 | D:5      | Found a staircase to the Ecumenical Temple.
  5939 | Temple   | Entered the Ecumenical Temple
  6099 | D:5      | Got a serpentine jade ring
  6338 | D:5      | Noticed a wyvern
  6358 | D:5      | Slain by a wyvern
